 Dungeon Crawl Stone Soup version 0.30-a0-782-ge64f9170bb (webtiles) character file.

Game seed: 429439186393284573

100 Dirtsage the Chopper (level 4, -6/35 HPs)
             Began as a Demonspawn Fighter on Mar 14, 2023.
             Mangled by an ogre
             ... wielding a +0 giant spiked club
              (18 damage)
             ... on level 3 of the Dungeon.
             The game lasted 00:02:03 (1620 turns).

Dirtsage the Chopper (Demonspawn Fighter)           Turns: 1620, Time: 00:02:03

Health: -6/35      AC:  9    Str: 19    XL:     4   Next: 46%
Magic:  4/4        EV:  9    Int:  9    God:
Gold:   106        SH:  4    Dex: 12    Spells: 3/3 levels left

rFire   . . .      SeeInvis .    a - +0 war axe
rCold   . . .      Faith    .    c - +0 buckler
rNeg    . . .      Spirit   .    b - +0 scale mail
rPois   .          Reflect  .    (no helmet)
rElec   .          Harm     .    (no cloak)
rCorr   .          Rampage  .    (no gloves)
Will    .....                    (no boots) Stlth
                                 l - amulet of regeneration
HPRegen 1.05/turn                (no ring)
MPRegen 0.18/turn                (no ring)

@: no status effects
A: icy blue scales 2, magic regeneration
a: no special abilities


You were on level 3 of the Dungeon.
You visited 1 branch of the dungeon, and saw 3 of its levels.

You collected 106 gold pieces.

Inventory:

Hand Weapons
 a - a +0 war axe (weapon)
Missiles
 o - 4 curare-tipped darts (quivered)
Armour
 b - a +0 scale mail (worn)
 c - a +0 buckler (worn)
Magical Staves
 f - a staff of cold
Jewellery
 l - an amulet of regeneration (around neck)
 m - an amulet of guardian spirit
Scrolls
 h - 2 scrolls of identify {unknown}
 i - a scroll of fog {unknown}
 j - 2 scrolls of poison {unknown}
 k - 3 scrolls of teleportation {unknown}
 n - a scroll of enchant weapon {unknown}
 p - a scroll of torment {unknown}
Potions
 d - a potion of might
 e - 3 potions of curing {unknown}
 g - a potion of degeneration {unknown}
 q - a potion of heal wounds {unknown}
 r - a potion of flight {unknown}
 s - a potion of ambrosia {unknown}
 t - a potion of haste {unknown}
 u - a potion of attraction {unknown}


   Skills:
 - Level 3.0 Fighting
 + Level 4.3 Axes
 - Level 2.6 Armour
 - Level 2.6 Shields


You had 3 spell levels left.
You didn't know any spells.
Your spell library contained the following spells:

 Spells                   Type           Power      Damage    Failure   Level
 Ignite Poison            Fire/Tmut/Pois 0%         N/A       99%         3
 Kindle Blastsparks       Fire/Tloc/Air  0%         2d10      99%         3
 Fulminant Prism          Conj/Hex       0%         3d5       100%        4
 Iskenderun's Mystic Bla  Conj/Tloc      0%         2d3       100%        4
 Freezing Cloud           Conj/Ice/Air   0%         6-21      100%        5
 Lee's Rapid Deconstruct  Erth           0%         3d4*      100%        5


Dungeon Overview and Level Annotations

Branches:
Dungeon (3/15)

Altars:

Shops:
D:1 =


Innate Abilities, Weirdness & Mutations

You are mostly covered in icy blue scales. (AC +3)
You regenerate magic rapidly.


Message History

You miss the quokka. You block the quokka's attack.
The quokka closely misses you.
You slash the quokka!
You kill the quokka!
No target in view!
No target in view!
There is an open door here.
You see here a quokka corpse.
There is an open door here.
You see here a quokka corpse.
A bat and an ogre come into view.
The ogre shouts!
The bat hits you but does no damage. The bat attacks as you move away!
The bat hits you but does no damage. x2
The bat attacks as you move away! The bat hits you but does no damage. x2
The bat barely misses you. The bat closely misses you.
The bat barely misses you.
You aren't carrying any items that you can evoke.
Throw: 6 darts (curare)
Press: ? - help, Shift-Dir - straight line, f - ogre
Aim: an ogre, wielding a +0 giant spiked club (73% to hit)
You throw a curare-tipped dart.
The curare-tipped dart barely misses the ogre.
The curare-tipped dart hits the bat.
The bat is poisoned.
The bat convulses.
You kill the bat!
Throw: 5 darts (curare)
Press: ? - help, Shift-Dir - straight line, f/p - ogre
Aim: an ogre, wielding a +0 giant spiked club (73% to hit)
You throw a curare-tipped dart. The curare-tipped dart hits the ogre.
The ogre is poisoned.
The ogre convulses.
The ogre seems to slow down.
The ogre is moderately wounded.
The ogre hits you with a +0 giant spiked club!!
Ouch! That really hurt!
You take 24 damage, and have 11/35 hp.
MASSIVE DAMAGE!!
You hit the ogre.
The ogre is heavily wounded.
The ogre hits you with a +0 giant spiked club!!
Ouch! That really hurt!
You die...

#.................#
P?...
###....#.........#
P....#
#....#.........#
.....#
#....###########
#.... #....# #....
#....# #.... #....#
#.>..####....#
#....(.O@....#
#.....#####†##
+.....# #.########
#.....# #........#
#####.# #........#
### #........#
#..####### #..#
#### #######


You could see an ogre (very poisoned, slow).

Vanquished Creatures
  Jessica (D:3)
  3 adders
  A worm (D:2)
  A dart slug (D:1)
  3 orcs (D:2)
  3 bats
  4 endoplasms
  2 giant cockroaches
  4 goblins
  5 hobgoblins
  2 quokkas
  4 ball pythons
  3 kobolds
  2 rats
38 creatures vanquished.

Vanquished Creatures (others)
  2 plants (D:1)
2 creatures vanquished.

Grand Total: 40 creatures vanquished

Notes
Turn   | Place    | Note
-------+----------+-------------------------------------------
     0 | D:1      | Dirtsage the Demonspawn Fighter began the quest for the
                  | Orb.
     0 | D:1      | Reached XP level 1. HP: 18/18 MP: 1/1
    38 | D:1      | Reached skill level 2 in Axes
   173 | D:1      | Gained mutation: You are partially covered in icy blue
                  | scales. (AC +2) [demonic ancestry]
   173 | D:1      | Reached XP level 2. HP: 24/24 MP: 2/2
   204 | D:1      | Found Ipsebem's Jewellery Shoppe.
   918 | D:2      | Reached skill level 3 in Axes
   940 | D:2      | Gained mutation: You are mostly covered in icy blue scales.
                  | (AC +3) [demonic ancestry]
   940 | D:2      | Reached XP level 3. HP: 29/29 MP: 3/3
  1181 | D:2      | Found a faded altar of an unknown god.
  1574 | D:3      | Noticed Jessica
  1579 | D:3      | Reached skill level 4 in Axes
  1579 | D:3      | Gained mutation: You regenerate magic rapidly. [demonic
                  | ancestry]
  1579 | D:3      | Reached XP level 4. HP: 29/35 MP: 4/4
  1580 | D:3      | Killed Jessica
  1611 | D:3      | Noticed an ogre
  1620 | D:3      | Mangled by an ogre

Illustrated notes

Levels and vault maps discovered:
D:1:      minmay_arrival_four_houses, layout_basic, serial_shops, shop,
          minmay_misc_feat_five, serial_bayou_pond_a, serial_bayou_pond_a
D:2:      layout_loops_cross, dreamdust_ecumenical_altar_hidden_monk_grotto,
          guppyfry_early_orc_mine
D:3:      layout_basic, mainiacjoe_overflow_boulevard, grunt_ministairs_3,
          uniq_jessica, uniq_pargi

Skill      XL: |  1  2  3 |
---------------+----------+-----
Axes           | 2 3 4 |  4.3
Fighting       | |  3.0
Armour         | |  2.6
Shields        | |  2.6

Action                     |  1- 3 |  4- 6 || total
---------------------------+-------+-------++-------
  Melee: War axe           |    80 |     5 ||    85
  Throw: Dart              |       |     2 ||     2
 Armour: Scale mail        |    35 |     5 ||    40
  Dodge: Dodged            |    36 |     4 ||    40
  Block: Buckler           |    17 |     1 ||    18

Table legend: (Time is in decaauts)
 A = Elapsed time spent in this place.
 B = Non-inter-level travel time spent in this place.
 C = Inter-level travel time spent in this place.
 D = Time resting spent in this place.
 E = Time spent auto-exploring this place.
 F = Levels seen in this place.
 G = Mean time per level.
                   A        B        C        D        E       F      G
               +--------+--------+--------+--------+--------+-----+--------+
         Total |   1653 |   1612 |     41 |      0 |   1378 |   3 |  551.0 |
       Dungeon |   1653 |   1612 |     41 |      0 |   1378 |   3 |  551.0 |
               +--------+--------+--------+--------+--------+-----+--------+

Top non-repeatable levels by time:
     D:1: 781 daAuts
     D:2: 745 daAuts
     D:3: 126 daAuts
